Map: Echo LE (Void)

Players

lIIllllIIlll (INnoVation) - Winner!

  • Race: Terran Terran
  • League: Diamond
  • Spawn Location: 5:00

LiquidTLO (TLO)

  • Race: Zerg Zerg
  • League: Grandmaster
  • Spawn Location: 11:00

Event: NationWars IV

VOD

Have the link to the VOD?

Description

Time

  • Played on: Jan. 21, 2017, 2:10 p.m.
  • Length: 10:16
Show
View Real Time Build Order
Export as new Build Order

lIIllllIIlll Terran - Winner!

Build Orders: Reaper Expand, MMM Bio 

Get SALT Encoding   

  12  0:00  SCV  
  13  0:13  SCV  
  14  0:16  Supply Depot  
  14  0:25  SCV  
  15  0:38  SCV  
  15  0:39  Barracks  
  15  0:42  Refinery  
  16  0:50  SCV  
  17  1:02  SCV  
  18  1:14  SCV  
  19  1:26  Reaper  
  19  1:27  Orbital Command  
  20  1:38  Command Center  
  20  1:49  Supply Depot  
  20  1:52  SCV  
  21  1:58  Marine  
  22  2:02  Factory  
  22  2:04  SCV  
  23  2:17  SCV  
  23  2:19  Barracks Reactor  
  24  2:29  SCV  
  25  2:37  Command Center  
  25  2:41  SCV  
  26  2:50  Orbital Command  
  26  2:53  SCV  
  27  2:59  Hellion  
  27  3:00  Hellion  
  27  3:01  Barracks Tech Lab  
  27  3:05  SCV  
  32  3:16  SCV  
  32  3:17  SCV  
  34  3:20  Marine, Stimpack  
  34  3:23  Barracks  
  35  3:28  Factory Reactor, SCV  
  35  3:29  SCV  
  35  3:32  Barracks  
  37  3:38  Marine, Refinery  
  37  3:40  SCV  
  39  3:41  SCV  
  40  3:50  Orbital Command  
  40  3:53  Engineering Bay  
  40  3:54  SCV x2  
  42  3:59  Marine, Engineering Bay  
  43  4:02  Refinery  
  43  4:06  SCV x2  
  45  4:10  Marine  
  45  4:11  Marine  
  47  4:17  Refinery  
  47  4:18  SCV x3  
  47  4:22  Bunker  
  49  4:25  Marine  
  49  4:28  Marine  
  49  4:29  Terran Infantry Weapons Level 1, Marine  
  49  4:30  Terran Infantry Armor Level 1  
  52  4:33  Marine x2  
  52  4:37  SCV x3  
  57  4:42  Supply Depot  
  57  4:49  SCV x3  
  57  4:50  Starport  
  60  4:52  Factory Reactor  
  60  4:58  Marine, Supply Depot  
  61  5:03  Marine x4, SCV x2  
  61  5:05  Orbital Command  
  67  5:07  Supply Depot  
  67  5:15  SCV x2  
  67  5:17  Supply Depot  
  67  5:19  Marine  
  67  5:21  Marine x4  
  70  5:27  SCV  
  70  5:28  SCV  
  76  5:31  Combat Shields  
  76  5:36  Factory Reactor, Medivac x2  
  76  5:37  Marine  
  76  5:38  Armory  
  76  5:39  SCV  
  76  5:41  SCV x2  
  84  5:45  Supply Depot  
  84  5:50  Barracks  
  84  5:53  Barracks  
  84  5:55  Marine x2  
  86  5:57  SCV x2  
  86  5:59  SCV  
  89  6:04  Supply Depot  
  89  6:06  Medivac  
  89  6:08  Medivac, Supply Depot  
  89  6:10  SCV x2  
  95  6:12  SCV  
  95  6:15  Hellion  
  95  6:17  Hellion  
  100  6:19  Marine  
  101  6:25  Marine x4  
  101  6:31  Terran Infantry Weapons Level 2, Supply Depot, Terran Infantry Armor Level 2  
  105  6:40  Barracks Reactor x2  
  105  6:41  Marine  
  105  6:43  Marine x4, Widow Mine x2  
  114  6:47  Supply Depot  
  114  6:48  Supply Depot  
  114  6:49  SCV x3  
  117  6:59  Marine  
  117  7:00  Supply Depot  
  118  7:01  Marine, Medivac x2  
  118  7:02  Marine x2  
  125  7:09  Marine  
  125  7:12  Hellion  
  125  7:13  Hellion  
  129  7:16  Marine x4  
  129  7:17  Marine  
  129  7:19  Marine  
  129  7:20  Marine x2  
  129  7:21  Supply Depot  
  134  7:23  Supply Depot  
  116  7:30  Marine  
  116  7:32  Medivac  
  116  7:33  Widow Mine x2  
  116  7:34  Marine x5  
  124  7:37  Marine  
  124  7:38  Marine, Medivac  
  124  7:44  Supply Depot  
  128  7:45  Barracks  
  128  7:49  Barracks x2  
  128  7:55  Marine  
  128  7:56  Marine x5  
  134  8:01  Widow Mine  
  134  8:02  Widow Mine  
  137  8:07  Medivac  
  137  8:08  Marine, Medivac  
  137  8:09  Marauder, Marine  
  140  8:13  Marine x2, SCV x2  
  140  8:16  SCV  
  145  8:25  SCV x2  
  147  8:27  Marine  
  147  8:28  Marine x4, SCV  
  147  8:30  Marauder  
  155  8:37  Widow Mine x2  
  155  8:40  Medivac x2  
  163  8:45  Supply Depot  
  163  8:47  Refinery  
  161  8:49  Barracks Tech Lab, Barracks Reactor  
  161  8:55  Marine  
  161  8:56  Marauder, Marine x6  
  165  9:09  Widow Mine x2  
  154  9:10  Marine  
  154  9:11  Marauder  
  154  9:13  Marine  
  155  9:17  Marauder, Barracks Reactor  
  155  9:26  Marine x8  
  159  9:32  Marauder  
  159  9:36  Marine x2  
  159  9:37  Widow Mine x2  
  158  9:39  Marauder  
  158  9:42  Medivac  
  158  9:44  Marine x2  
  163  9:53  Marauder  
  163  9:54  Supply Depot  
  163  9:56  Command Center  
Show
View Real Time Build Order
Export as new Build Order

LiquidTLO Zerg 

Build Orders: Hatch First 

Get SALT Encoding   

  12  0:00  Drone  
  13  0:13  Overlord  
  13  0:17  Drone  
  14  0:32  Drone x2  
  16  0:48  Hatchery  
  15  0:51  Drone  
  15  0:55  Drone  
  17  1:09  Spawning Pool  
  16  1:12  Drone  
  16  1:15  Drone  
  18  1:19  Extractor  
  18  1:20  Drone  
  18  1:32  Drone  
  19  1:41  Overlord  
  19  1:52  Drone  
  20  1:55  Queen  
  20  2:00  Queen  
  20  2:01  Drone x2  
  26  2:11  Drone x2  
  28  2:26  Hatchery  
  28  2:27  Drone  
  27  2:31  Extractor  
  27  2:35  Spore Crawler  
  27  2:36  Drone  
  26  2:38  Drone  
  26  2:39  Drone  
  30  2:45  Queen  
  32  2:51  Overlord  
  32  2:53  Metabolic Boost  
  32  2:57  Drone  
  33  2:58  Drone  
  33  3:02  Zergling x2  
  33  3:04  Drone  
  36  3:08  Overlord  
  36  3:11  Drone  
  37  3:13  Drone  
  37  3:16  Drone x2  
  40  3:20  Drone  
  41  3:27  Drone  
  41  3:31  Drone  
  43  3:34  Queen  
  43  3:39  Baneling Nest  
  43  3:40  Zergling x2, Overlord, Evolution Chamber  
  44  3:42  Zergling x2  
  44  3:47  Drone x2  
  44  3:48  Drone  
  48  3:50  Zergling x2  
  48  3:53  Overlord  
  48  3:55  Drone  
  50  3:56  Drone  
  50  3:59  Drone x2  
  53  4:04  Evolution Chamber  
  53  4:05  Drone  
  53  4:06  Drone  
  54  4:13  Drone x3  
  57  4:17  Drone  
  57  4:19  Drone  
  57  4:21  Drone  
  57  4:22  Drone  
  57  4:23  Drone  
  62  4:25  Zerg Ground Armor Level 1  
  62  4:26  Drone  
  62  4:30  Overlord  
  63  4:32  Extractor, Drone x3  
  63  4:36  Drone  
  66  4:40  Overlord  
  66  4:44  Overlord  
  66  4:46  Overlord x2  
  66  4:49  Overlord  
  66  4:51  Zergling x2  
  66  4:52  Zerg Melee Weapons Level 1  
  66  4:55  Overlord  
  66  4:56  Drone  
  66  4:57  Extractor  
  66  4:58  Drone  
  66  4:59  Zergling x2  
  68  5:04  Drone  
  68  5:05  Drone  
  70  5:11  Zergling x2, Hatchery  
  70  5:12  Zergling x2  
  70  5:13  Zergling x2  
  72  5:15  Zergling x2, Drone  
  72  5:16  Zergling x4  
  72  5:18  Drone  
  72  5:20  Burrow  
  77  5:23  Zergling x4  
  77  5:24  Zergling x4  
  81  5:31  Zergling x2  
  81  5:32  Spore Crawler  
  81  5:33  Zergling x2  
  82  5:37  Drone  
  83  5:43  Lair  
  83  5:44  Zergling x4  
  83  5:45  Drone  
  83  5:46  Drone  
  83  5:48  Drone  
  88  5:51  Drone  
  88  5:52  Drone x2  
  88  5:55  Drone  
  88  5:56  Hatchery  
  91  5:57  Drone  
  91  5:59  Drone  
  91  6:03  Baneling  
  91  6:04  Baneling x3  
  93  6:06  Zergling x6  
  93  6:07  Zergling x4  
  93  6:10  Baneling x2  
  93  6:11  Baneling x2  
  98  6:13  Zergling x4  
  98  6:14  Baneling x3  
  98  6:15  Baneling  
  98  6:18  Overlord  
  100  6:22  Spore Crawler, Queen  
  100  6:24  Spore Crawler  
  100  6:25  Zergling x2  
  100  6:29  Zergling x12  
  105  6:33  Zergling x2  
  105  6:34  Zergling x2  
  105  6:38  Zergling x2  
  105  6:40  Zergling x2  
  105  6:43  Zerg Ground Armor Level 2  
  105  6:45  Extractor, Drone x4  
  109  6:47  Drone  
  109  6:49  Zergling x2  
  109  6:50  Zergling x2  
  109  6:51  Zergling x2  
  109  6:52  Zergling x2  
  112  6:55  Zergling x4  
  112  6:56  Zerg Melee Weapons Level 2  
  112  6:58  Zergling x2  
  112  7:01  Zergling x2  
  109  7:09  Queen x3  
  109  7:12  Zergling x8  
  109  7:13  Zergling x16  
  109  7:14  Queen  
  127  7:16  Baneling x6  
  127  7:17  Zergling x2  
  127  7:18  Zergling x2  
  127  7:19  Zergling x2  
  127  7:20  Zergling x2  
  127  7:22  Zergling x4  
  131  7:24  Zergling x2  
  131  7:26  Zergling x2  
  131  7:27  Zergling x2  
  117  7:30  Drone x4  
  117  7:34  Zergling x6  
  120  7:39  Drone  
  120  7:41  Spire  
  120  7:43  Zergling x4  
  122  7:44  Zergling x2  
  122  7:46  Zergling x2  
  122  7:47  Zergling x2  
  122  7:48  Baneling x2  
  122  7:49  Zergling x2  
  126  7:57  Drone  
  126  8:08  Zergling x6  
  126  8:10  Zergling x2  
  126  8:12  Zergling x2  
  125  8:13  Zergling x4  
  125  8:14  Zergling x2  
  125  8:16  Extractor, Overlord x3  
  125  8:17  Overlord x2  
  122  8:20  Spine Crawler  
  122  8:21  Extractor  
  122  8:22  Zergling x6, Spine Crawler  
  122  8:23  Zergling x2, Spine Crawler  
  122  8:25  Zergling x2, Spine Crawler, Baneling x4  
  118  8:27  Centrifical Hooks  
  118  8:30  Zergling x4  
  118  8:31  Zergling x6  
  123  8:36  Zergling x4  
  123  8:37  Zergling x2  
  122  8:43  Zergling x14  
  129  8:52  Zergling x2  
  129  8:53  Zergling x2, Baneling x2  
  130  8:55  Corruptor x2  
  130  8:56  Corruptor  
  130  9:02  Corruptor  
  134  9:03  Drone  
  134  9:05  Corruptor  
  134  9:08  Drone x4  
  122  9:11  Drone  
  121  9:18  Extractor, Corruptor  
  121  9:20  Baneling x2  
  121  9:21  Zergling x2, Baneling  
  121  9:22  Zergling x2  
  121  9:23  Zergling x2, Queen  
  122  9:25  Zergling x2  
  122  9:26  Baneling x4  
  116  9:33  Zergling x14  
  116  9:36  Zergling x4  
  110  9:40  Zergling x4  
  110  9:43  Zergling x2  
  111  9:45  Zergling x2  
  111  9:51  Zergling x4  
  113  9:53  Baneling x3  
  113  9:54  Zergling x2  
  113  9:55  Zergling x4  
  113  9:56  Zergling x4  
  113  9:57  Zergling x2  
Tags
 
Add a new tag
Caveats
  • Supply blocks, unpowered buildings, or Contaminate may cause inaccurate times.
  • Supply counts are checked every 10 seconds.